 Dungeon Crawl Stone Soup version 0.19.0-11-g3fc08b3 (webtiles) character file.

13525 Malachi the Covert (level 11, -4/81 HPs)
             Began as a Demonspawn Assassin on Nov 10, 2016.
             Was an Elder of Dithmenos.
             Shot with an arrow by a centaur warrior (19 damage)
             ... on level 11 of the Dungeon.
             The game lasted 00:29:03 (12238 turns).

Malachi the Covert (Demonspawn Assassin)           Turns: 12238, Time: 00:29:04

Health: -4/81      AC: 22    Str: 11    XL:     11   Next: 76%
Magic:  11/11      EV: 22    Int: 17    God:    Dithmenos [****..]
Gold:   259        SH:  0    Dex: 21    Spells: 0 memorised, 10 levels left

rFire  + . .     SeeInvis .     B - +4 dagger (elec)
rCold  + . .     Gourm    .     w - +0 robe of Depression {*Drain rN+ Regen+ Dex+4}
rNeg   + . .     Faith    .     (no shield)
rPois  .         Spirit   .     g - +1 hat
rElec  .         Reflect  .     I - +2 cloak
rCorr  .         Harm     +     K - +2 pair of gloves
MR     .....                    N - +0 pair of boots of Cocytus {rF+ Int+3}
Stlth  +++++++++.               t - amulet of harm
                                G - ring of wizardry
                                C - +5 ring of evasion

@: sanguine armour, hasted, wreathed by umbra, very quick
A: cold resistance 1, powered by death 1, freezing cloud immunity, sanguine
armour 3
a: Shadow Step, Renounce Religion


You were on level 11 of the Dungeon.
You worshipped Dithmenos.
Dithmenos was greatly pleased with you.
You were not hungry.

You visited 2 branches of the dungeon, and saw 12 of its levels.

You collected 706 gold pieces.
You spent 447 gold pieces at shops.

Inventory:

Hand Weapons
 a - a +3 dagger
 b - a +0 blowgun
 j - a +2 whip of freezing
 k - a +0 hunting sling of flaming
 l - a +0 rapier of protection
 s - a +2 dagger of electrocution
 B - a +4 dagger of electrocution (weapon)
Missiles
 e - 103 poisoned needles
 f - a curare-tipped needle
 i - 6 needles of sleeping
 m - 261 stones (quivered)
Armour
 g - a +1 hat (worn)
 w - the +0 robe of Depression (worn) {*Drain rN+ Regen+ Dex+4}
   (You bought it in a shop on level 5 of the Dungeon)

   It affects your dexterity (+4).
   It protects you from negative energy.
   It increases your rate of regeneration.
   It causes draining when unequipped.
 I - a +2 cloak (worn)
 J - +1 steam dragon scales
 K - a +2 pair of gloves (worn)
 L - a +0 troll leather armour
 N - the +0 pair of boots of Cocytus (worn) {rF+ Int+3}
   (You acquired it on level 11 of the Dungeon)

   It affects your intelligence (+3).
   It protects you from fire.
 Q - +0 mottled dragon scales
Magical Staves
 H - an uncursed staff of poison {unknown}
Jewellery
 r - a +2 amulet of reflection
 t - an amulet of harm (around neck)
 C - a +5 ring of evasion (left hand)
 G - a ring of wizardry (right hand)
 O - an uncursed amulet of rage {unknown}
Wands
 c - a wand of polymorph (0/24)
Scrolls
 d - a scroll of blinking
 h - a scroll of fear
 u - 3 scrolls of amnesia
 y - 6 scrolls of identify
 D - 2 scrolls of teleportation
 E - a scroll of recharging
 M - a scroll of magic mapping
 S - a scroll of remove curse
Potions
 x - 2 potions of agility
 z - a potion of cancellation
 P - 2 potions of curing
Books
 F - the Reference Book on Moulding and Darkness
   (You found it on level 10 of the Dungeon)

   Spells                             Type                      Level
   a - Animate Skeleton               Necromancy                   1
   b - Sublimation of Blood           Necromancy                   2
   c - Excruciating Wounds            Charms/Necromancy            5
   d - Blade Hands                    Transmutation                5
Comestibles
 p - 4 beef jerkies
 v - 8 meat rations
 A - 3 bread rations


   Skills:
 + Level 6.0 Fighting
 + Level 7.7 Short Blades
 + Level 4.1 Throwing
 + Level 6.3 Dodging
 * Level 14.1 Stealth
 + Level 0.6 Evocations


You had 10 spell levels left.
You didn't know any spells.

Dungeon Overview and Level Annotations

Branches:
Dungeon (11/15)            Temple (1/1) D:5            Lair (0/6) D:10
    Orc: D:9-12

Altars:
Ashenzari
Dithmenos
Elyvilon
Okawaru
Qazlal
Vehumet
Yredelemnul
The Shining One

Shops:
D:5 [   D:8 *?

Annotations:
D:11 Andry07's ghost, novice GrFi


Innate Abilities, Weirdness & Mutations

Your flesh is cold resistant. (rC+)
You regenerate a little health from kills.
You are immune to freezing clouds.
When seriously injured, your bleeding wounds create very thick armour. (AC +12)


Message History

The centaur warrior shoots an arrow.
The arrow completely misses you.
The centaur warrior shoots an arrow.
The arrow hits you!!
Your blood congeals into armour.
The arrow burns you.
The orc warrior shouts!
The centaur warrior shoots an arrow.
The arrow hits you but does no damage.
The centaur warrior shoots an arrow.
The arrow closely misses you.
You see here 2 arrows.
The centaur warrior shoots an arrow.
The arrow completely misses you.
The centaur warrior shoots an arrow.
The arrow misses you.
You see here an arrow.
The centaur warrior shoots an arrow.
The arrow hits you!!
* * * LOW HITPOINT WARNING * * *
The arrow burns you.
* * * LOW HITPOINT WARNING * * *
You see here an arrow.
The centaur warrior shoots an arrow.
The arrow barely misses you.
You see here an arrow.
You feel yourself speed up.
The centaur warrior shoots an arrow.
The arrow hits you!
You die...

.# #.########.# .#
#########.#........# .#
#..................# .# #####
#.###.###........#.# .###...# #.#
#.# ########.#.# .....#.#
##c###.# #.#.#
####.#.######..(##.# #.#.#
#....#...(##.###.#.# ######...#
#.#######.(..###@..# #.......##
#....#..(.##..#..#######.####...#
##.#.#.##........................
##.#....(.....#..................
...#...##.......##############...
###..........)### ###.
##............# ##
.........)....# ### ####+##
##.....).)....# +.. ......


You could see a centaur warrior.

Vanquished Creatures
  Josephine (D:10)
  A centaur warrior (D:11)
  An unseen horror (D:8)
  Pikel (D:4)
  2 cyclopes (D:11)
  Maurice (D:8)
  3 kobold demonologists (D:11)
  5 trolls
  Prince Ribbit (D:7)
  A hornet (D:11)
  A hippogriff (D:11)
  A meliai zombie (D:11)
  Sigmund (D:2)
  4 wraiths (D:10)
  A wyvern (D:11)
  A hungry ghost (D:8)
  5 yaks (D:10)
  A steam dragon (D:8)
  Menkaure (D:6)
  A mottled dragon (D:11)
  Edmund (D:5)
  Duvessa (D:6)
  2 water moccasins
  5 ice beasts
  A black bear (D:8)
  3 orc warriors
  A phantom (D:9)
  A slave (D:4)
  9 ogres
  5 centaurs
  A big kobold (D:11)
  6 bullfrogs
  A wyvern zombie (D:10)
  3 scorpions
  A wyvern skeleton (D:8)
  Dowan (D:6)
  A water moccasin skeleton (D:8)
  2 howler monkeys
  A centaur zombie (D:6)
  A bullfrog zombie (D:10)
  4 crimson imps
  A quasit (D:8)
  3 orc priests
  5 centaur skeletons
  6 hounds
  4 jellies
  9 orc wizards
  4 worker ants
  4 iguanas
  A hound skeleton (D:10)
  6 gnolls
  14 adders
  2 oozes
  2 adder zombies
  An adder skeleton (D:4)
  3 worms
  A dart slug (D:2)
  8 leopard geckos
  35 orcs
  4 giant cockroaches
  8 hobgoblins
  21 jackals
  11 kobolds
  6 quokkas
  6 bats
  11 frilled lizards
  8 goblins
  2 quokka skeletons
  A quokka zombie (D:6)
  8 rats
280 creatures vanquished.

Vanquished Creatures (others)
  A slave (D:4)
  A black bear (D:6)
  An ogre (D:6)
  A phantom (D:6)
  A hound (D:4)
  An orc priest (D:4)
  2 orc wizards (D:4)
  An adder (D:4)
  An adder skeleton (D:4)
  A leopard gecko (D:6)
  An orc (D:4)
  A giant cockroach (D:4)
13 creatures vanquished.

Grand Total: 293 creatures vanquished

Notes
Turn   | Place    | Note
-------+----------+-------------------------------------------
     0 | D:1      | Malachi the Demonspawn Assassin began the quest for the Orb.
     0 | D:1      | Reached XP level 1. HP: 16/16 MP: 1/1
    22 | D:1      | Reached skill level 1 in Dodging
   228 | D:1      | Gained mutation: When seriously injured, your bleeding wounds create armour. (AC +12) [demonic ancestry]
   228 | D:1      | Reached XP level 2. HP: 14/22 MP: 2/2
   560 | D:1      | Reached skill level 4 in Stealth
  1089 | D:1      | Reached XP level 3. HP: 18/27 MP: 3/3
  1859 | D:2      | Found a faded altar of an unknown god.
  2363 | D:2      | Noticed Sigmund
  2404 | D:2      | Killed Sigmund
  2404 | D:2      | Reached skill level 5 in Stealth
  2404 | D:2      | Reached XP level 4. HP: 13/34 MP: 4/4
  2404 | D:2      | Gained mutation: When seriously injured, your bleeding wounds create thick armour. (AC +12) [demonic ancestry]
  2404 | D:2      | Reached XP level 5. HP: 15/39 MP: 5/5
  2706 | D:2      | Found a basalt altar of Yredelemnul.
  3052 | D:3      | Gained mutation: Your flesh is cold resistant. (rC+) [demonic ancestry]
  3052 | D:3      | Reached XP level 6. HP: 31/46 MP: 6/6
  4194 | D:4      | Reached skill level 6 in Stealth
  4194 | D:4      | Reached XP level 7. HP: 23/52 MP: 7/7
  4643 | D:4      | Noticed Pikel
  4644 | D:4      | Killed Pikel
  4644 | D:4      | Reached skill level 7 in Stealth
  4644 | D:4      | Gained mutation: You regenerate a little health from kills. [demonic ancestry]
  4644 | D:4      | Reached XP level 8. HP: 59/59 MP: 8/8
  5675 | D:5      | Entered Level 5 of the Dungeon
  5701 | D:5      | Found Qus Utwo's Antique Armour Emporium.
  5724 | D:5      | Bought an ancient robe for 148 gold pieces
  5724 | D:5      | Identified the cursed +0 robe of Depression {*Drain rN+ Regen+ Dex+4} (You bought it in a shop on level 5 of the Dungeon)
  5910 | D:5      | Found a staircase to the Ecumenical Temple.
  6107 | D:5      | Noticed Edmund
  6114 | D:5      | Killed Edmund
  6259 | Temple   | Entered the Ecumenical Temple
  6319 | Temple   | Became a worshipper of Dithmenos the Shadowed
  6382 | D:6      | Noticed Menkaure
  6392 | D:6      | Killed Menkaure
  6392 | D:6      | Reached skill level 5 in Short Blades
  6392 | D:6      | Reached skill level 8 in Stealth
  6527 | D:6      | Noticed Dowan
  6530 | D:6      | Noticed Duvessa
  6534 | D:6      | Killed Dowan
  6539 | D:6      | Killed Duvessa
  6722 | D:6      | Gained mutation: You are immune to freezing clouds. [demonic ancestry]
  6722 | D:6      | Reached XP level 9. HP: 65/65 MP: 9/9
  6981 | D:6      | Reached * piety under Dithmenos
  7219 | D:6      | Found a white marble altar of Elyvilon.
  7729 | D:7      | Reached skill level 9 in Stealth
  7886 | D:7      | Noticed Prince Ribbit
  8262 | D:7      | Found a stormy altar of Qazlal.
  8279 | D:7      | Reached ** piety under Dithmenos
  8400 | D:7      | Killed Prince Ribbit
  8400 | D:7      | Reached skill level 10 in Stealth
  8439 | D:8      | Noticed Maurice
  8441 | D:8      | Killed Maurice
  8441 | D:8      | Reached skill level 5 in Dodging
  8491 | D:8      | Killed an unseen horror
  8491 | D:8      | Reached skill level 11 in Stealth
  8491 | D:8      | Gained mutation: When seriously injured, your bleeding wounds create very thick armour. (AC +12) [demonic ancestry]
  8491 | D:8      | Reached XP level 10. HP: 39/73 MP: 10/10
  8712 | D:8      | Found Vavaxt's Assorted Antiques.
  8721 | D:8      | Bought a potion of heal wounds for 115 gold pieces
  8721 | D:8      | Bought a glowing dagger for 184 gold pieces
  9032 | D:8      | Found Maasea's Magic Scroll Shop.
  9128 | D:8      | Found a shattered altar of Ashenzari.
  9560 | D:9      | Reached *** piety under Dithmenos
  9560 | D:9      | Reached skill level 5 in Fighting
  9591 | D:9      | Noticed a gargoyle
 10073 | D:9      | Reached skill level 12 in Stealth
 10201 | D:10     | Entered Level 10 of the Dungeon
 10348 | D:10     | Identified the Reference Book on Moulding and Darkness
 10625 | D:10     | Noticed Josephine
 10626 | D:10     | Found a staircase to the Lair.
 10640 | D:10     | Killed Josephine
 10640 | D:10     | Reached XP level 11. HP: 52/80 MP: 11/11
 11148 | D:11     | Identified a scroll of acquirement
 11151 | D:11     | Got a pair of spiked boots
 11157 | D:11     | Identified the +0 pair of boots of Cocytus {rF+ Int+3} (You acquired it on level 11 of the Dungeon)
 11194 | D:11     | Reached skill level 13 in Stealth
 11494 | D:11     | Found an iron altar of Okawaru.
 11494 | D:11     | Noticed an orc knight
 11626 | D:11     | Reached **** piety under Dithmenos
 11784 | D:11     | Noticed a centaur warrior
 11789 | D:11     | Noticed a centaur warrior
 11809 | D:11     | Killed a centaur warrior
 11809 | D:11     | Reached skill level 14 in Stealth
 11963 | D:11     | Noticed Andry07's ghost (novice GrFi)
 12238 | D:11     | Shot with an arrow by a centaur warrior

Skill      XL: |  1  2  3  4  5  6  7  8  9 10 11 |
---------------+----------------------------------+-----
Dodging        | 1 2 3 4 5 6 |  6.3
Stealth        | 4 5 6 7 8 11 12 14 | 14.1
Short Blades   | 2 3 4 5 6 7 |  7.7
Throwing       | 2 3 4 |  4.1
Fighting       | 3 4 5 6 |  6.0
Evocations     | |  0.6

Action                   |  1- 3 |  4- 6 |  7- 9 | 10-12 || total
-------------------------+-------+-------+-------+-------++-------
Melee: Dagger            |   164 |   131 |   360 |   373 ||  1028
 Fire: Blowgun           |     5 |    13 |     5 |     9 ||    32
Evoke: Wand              |       |       |       |     5 ||     5
  Use: Potion            |     4 |       |     9 |     6 ||    19
       Scroll            |       |     8 |     6 |     6 ||    20
 Stab: Sleeping          |     8 |     7 |    32 |    46 ||    93
       Distracted        |       |     2 |     1 |     1 ||     4
  Eat: Chunk             |     2 |     3 |     6 |     9 ||    20
       Bread ration      |     1 |       |     1 |     1 ||     3
       Fruit             |       |     1 |       |       ||     1
       Meat ration       |       |       |     1 |       ||     1
Armor: Robe              |    39 |    25 |    49 |    28 ||   141
Dodge: Dodged            |    86 |    80 |   227 |   264 ||   657
